 Dungeon Crawl Stone Soup version 0.25-a0-930-g9f5dfa9815 (webtiles) character file.

Game seed: 13052406921171366045, levelgen mode: classic

2 Amnesiac the Chiller (level 1, 5/14 HPs)
             Began as a Ghoul Ice Elementalist on May 4, 2020.
             Was a Follower of Jiyva.
             Quit the game on level 2 of the Dungeon.
             The game lasted 00:00:45 (79 turns).

Amnesiac the Chiller (Ghoul Ice Elementalist)         Turns: 79, Time: 00:00:45

Health: 5/14       AC:  3    Str: 11    XL:     1   Next: 30%
Magic:  2/2        EV: 12    Int: 10    God:    Jiyva [*.....]
Gold:   0          SH:  0    Dex:  9    Spells: 2/3 levels left

rFire    . . .     SeeInvis .   (no weapon)
rCold    + . .     Gourm    .   (no shield)
rNeg     + + +     Faith    .   a - +0 robe
rPois    ∞         Spirit   .   (no helmet)
rElec    .         Reflect  .   (no cloak)
rCorr    .         Harm     .   (no gloves)
MR       .....                  b - +0 pair of boots
Stlth    ++........             (no amulet)
HPRegen  0.00/turn              (no ring)
MPRegen  0.08/turn              (no ring)

@: rotting
A: rotting body, claws 1, carnivore, cold resistance 1, negative energy
resistance 3, inhibited regeneration, torment resistance, unbreathing
a: Request Jelly, Renounce Religion


You were on level 2 of the Dungeon.
You worshipped Jiyva.
Jiyva was aware of your devotion.
You were not hungry.

You visited 1 branch of the dungeon, and saw 2 of its levels.

Inventory:

Missiles
 d - 12 sling bullets
Armour
 a - a +0 robe (worn)
 b - a +0 pair of boots (worn)
 f - a +0 ring mail
 g - a scarf of cloud immunity
Scrolls
 e - a scroll of teleportation {!r, unknown}
Potions
 h - a potion of flight {!q, unknown}
Comestibles
 c - a ration


   Skills:
 - Level 1.7 Dodging
 - Level 2.1 Stealth
 + Level 1.8 Spellcasting
 * Level 4.4 Ice Magic


You had 2 spell levels left.
You knew the following spells:

 Your Spells              Type           Power        Failure   Level  Hunger
a - Freeze                Ice            #...         4%          1    ##.....

Your spell library contained the following spells:

 Spells                   Type           Power        Failure   Level  Hunger
 Frozen Ramparts          Ice            #.....       16%         3    ####...
 Ozocubu's Armour         Chrm/Ice       #.......     36%         3    ####...
 Hailstorm                Conj/Ice       #.......     77%         4    #####..
 Summon Ice Beast         Ice/Summ       #.......     77%         4    #####..


Dungeon Overview and Level Annotations

Branches:
Dungeon (2/15)

Altars:
Jiyva


Innate Abilities, Weirdness & Mutations

Your body is rotting away.
You thrive on raw meat.
You are immune to poison.
You have sharp fingernails.
You are carnivorous and can eat meat at any time.
Your flesh is cold resistant. (rC+)
You are immune to negative energy. (rN+++)
You do not regenerate when monsters are visible.
You are immune to unholy pain and torment.
You can survive without breathing.


Message History

A frilled lizard comes into view.
Found a dagger.
A worm comes into view.
Found a ring mail and 10 gold pieces.
There is a faded altar of an unknown god here.
You cannot tell which god this altar belongs to.
Convert to them anyway?
Okay, then.
Unknown command.
Press < or > to pray at altars.
You cannot tell which god this altar belongs to.
Convert to them anyway?
Jiyva accepts your prayer! Jiyva welcomes you! Jiyva grants you a jelly!
You can now request a jelly.
The rat barely misses you.
You scratch the rat.
You kill the rat!
You swap places.
You see here a rat corpse.
You hear a slurping noise.
Jiyva appreciates your sacrifice.
Found a stone staircase leading down.
Found a long sword.
Found a stone staircase leading down.
There is an escape hatch in the ceiling here.
A bat and a ball python come into view.
You hear a distant slurping noise.
Jiyva appreciates your sacrifice.
You see here a runed scarf.
g - a runed scarf The frilled lizard closely misses you.
The bat hits you but does no damage. The bat hits you but does no damage.
You hear a distant slurping noise.
A hobgoblin comes into view.
The bat closely misses you.
Found a stone staircase leading up.
The bat hits you but does no damage. x2; The rat bites you but does no damage.
Found a scroll labeled CUMIAF ZUXEF.
A hobgoblin comes into view.
The hobgoblin shouts!
The bat misses you.
The frilled lizard hisses.
The rat bites you but does no damage.
Found a stone staircase leading down.
You see here a yellow potion {!q}.
h - a yellow potion {!q} The bat hits you but does no damage.
The rat misses you. The bat barely misses you.
The bat hits you but does no damage. The rat bites you.
You barely miss the bat. The bat closely misses you.
The frilled lizard misses you.
You hear a distant slurping noise.
Jiyva appreciates your sacrifice. The rat bites you.
Unknown command.
The bat hits you but does no damage. The frilled lizard misses you.
The bat barely misses you.
You scratch the bat.
The bat is moderately wounded.
The bat misses you. The frilled lizard bites you. The rat bites you.
* * * LOW HITPOINT WARNING * * *
The hobgoblin barely misses you. The bat barely misses you.
The frilled lizard barely misses you. The bat hits you but does no damage.
Are you sure you want to abandon this character and quit the game? (Confirm with "yes".)

.> .# #? ##.# ..
#.#...# ... ... )#
S..# ###.##.######
...# #.....>......
>.. #........#
#.##.glr..##### ..
#....b@.........
.$##............<..
#.....##<.....######
##...# #......#
#.#..##......# #
#........<#
##...♣....##
#...♣.♣....#
#..♣._.♣.#..#


You could see a hobgoblin, a bat, a frilled lizard and a rat.

Vanquished Creatures
  A goblin (D:1)
  A rat (D:2)
2 creatures vanquished.

Vanquished Creatures (others)
  A worm (D:2)
1 creature vanquished.

Grand Total: 3 creatures vanquished

Notes
Turn   | Place    | Note
-------+----------+-------------------------------------------
     0 | D:1      | Amnesiac the Ghoul Ice Elementalist began the quest for the
                  | Orb.
     0 | D:1      | Reached XP level 1. HP: 14/14 MP: 2/2
    51 | D:2      | Found a faded altar of an unknown god.
    57 | D:2      | Became a worshipper of Jiyva Jatwufed the Shapeless
    57 | D:2      | Reached * piety under Jiyva
    79 | D:2      | Quit the game

Levels and vault maps discovered:
D:1:      minmay_arrival_arboretum_small, layout_basic, minivault_23
D:2:      layout_rooms, chequers_ecumenical_altar_simple_redux,
          hangedman_abyss_or_decor_stabs

Action                   || total
-------------------------++-------
Melee: Unarmed           ||     3
 Cast: Freeze            ||     2
  Eat: Chunk             ||     1
Armor: Robe              ||    10
Dodge: Dodged            ||    14

Table legend:
 A = Non-vault XP
 B = Vault XP
 C = Vault XP percentage of total XP
 D = Non-vault monster count
 E = Vault monster count
 F = Vault count percentage of total count
                 A         B        C        D         E       F
            +---------+---------+-------+---------+---------+-------
      Total |       3 |       0 |   0.0 |       2 |       0 |   0.0
            +---------+---------+-------+---------+---------+-------
        D:1 |       2 |       0 |   0.0 |       1 |       0 |   0.0
        D:2 |       1 |       0 |   0.0 |       1 |       0 |   0.0
            +---------+---------+-------+---------+---------+-------
